 Dungeon Crawl Stone Soup version 0.25-a0-253-g6f1b5d974a (webtiles) character file.

Game seed: 213260608683709359, levelgen mode: deterministic

2034 MisterFreud the Shield-Bearer (level 9, -6/73 HPs)
             Began as a Gnoll Fighter on Dec 5, 2019.
             Was a Follower of Ashenzari.
             Mangled by a two-headed ogre
             ... wielding a +0 giant club
              (19 damage)
             ... on level 8 of the Dungeon.
             The game lasted 00:11:30 (6680 turns).

MisterFreud the Shield-Bearer (Gnoll Fighter)       Turns: 6680, Time: 00:11:31

Health: -6/73      AC: 14    Str: 18    XL:     9   Next: 24%
Magic:  15/15      EV:  8    Int: 14    God:    Ashenzari [*.....]
Gold:   383        SH: 12    Dex: 15    Spells: 16/16 levels left

rFire    . . .     SeeInvis .   a - +1 long sword (curse)
rCold    . . .     Gourm    .   c - +1 shield (curse)
rNeg     . . .     Faith    .   u - +0 chain mail
rPois    .         Spirit   .   q - +0 helmet
rElec    .         Reflect  .   H - +0 cloak (curse)
rCorr    .         Harm     .   p - +0 pair of gloves
MR       +....     Rnd*Tele +   (no boots)
Stlth    ..........             (no amulet)
HPRegen  0.22/turn              n - ring of teleportation (curse)
MPRegen  0.14/turn              j - ring of protection from magic (curse)

@: no status effects
A: distributed training, fangs 1, strong nose
a: Curse Item, Scrying, Renounce Religion


You were on level 8 of the Dungeon.
You worshipped Ashenzari.
Ashenzari was aware of your devotion.
You were hungry.

You visited 2 branches of the dungeon, and saw 9 of its levels.

You collected 383 gold pieces.

Inventory:

Hand Weapons
 a - a cursed +1 long sword (weapon)
 v - a +1 vampiric halberd
Missiles
 e - 202 stones (quivered)
 h - 72 arrows
 i - 65 sling bullets
 x - 22 bolts
 y - a throwing net
 B - 8 poisoned darts
Armour
 b - a +0 scale mail
 c - a cursed +1 shield (worn)
 p - a +0 pair of gloves (worn)
 q - a +0 helmet (worn)
 u - a +0 chain mail (worn)
 H - a cursed +0 cloak (worn)
Jewellery
 j - a cursed ring of protection from magic (right hand)
 n - a cursed ring of teleportation (left hand)
 G - a +1 ring of protection
Wands
 D - a wand of iceblast (9)
 F - a wand of disintegration (11)
Scrolls
 g - a scroll of enchant weapon
 l - a scroll of fog
 o - 2 scrolls of fear
 t - 2 scrolls of enchant armour
 w - a scroll of blinking
 I - a scroll of remove curse
Potions
 d - 4 potions of might
 k - a potion of invisibility {unknown}
 m - 4 potions of heal wounds
 r - a potion of haste
 z - a potion of brilliance {unknown}
 A - a potion of resistance
 C - a potion of mutation {unknown}
 E - 2 potions of berserk rage
Comestibles
 f - 12 rations


   Skills:
 + Level 7.7 Fighting
 + Level 4.0 Short Blades
 + Level 6.1 Long Blades
 + Level 4.0 Axes
 + Level 4.0 Maces & Flails
 + Level 4.0 Polearms
 + Level 4.0 Staves
 + Level 4.0 Slings
 + Level 4.0 Bows
 + Level 4.0 Crossbows
 + Level 4.0 Throwing
 + Level 7.7 Armour
 + Level 4.0 Dodging
 + Level 4.0 Stealth
 + Level 7.7 Shields
 + Level 4.0 Unarmed Combat
 + Level 4.0 Spellcasting
 + Level 3.2 Conjurations
 + Level 3.2 Hexes
 + Level 3.2 Charms
 + Level 3.2 Summonings
 + Level 3.2 Necromancy
 + Level 3.2 Translocations
 + Level 3.2 Transmutations
 + Level 3.2 Fire Magic
 + Level 3.2 Ice Magic
 + Level 3.2 Air Magic
 + Level 3.2 Earth Magic
 + Level 3.2 Poison Magic
 + Level 4.3 Invocations
 + Level 4.0 Evocations


You had 16 spell levels left.
You didn't know any spells.
Your spell library was empty.

Dungeon Overview and Level Annotations

Branches:
Dungeon (8/15)             Temple (1/1) D:5
   Lair: D:8-11

Altars:
Ashenzari
Cheibriados
Dithmenos
Elyvilon
Fedhas
Gozag
Hepliaklqana
Kikubaaqudgha
Makhleb
Nemelex Xobeh
Okawaru
Qazlal
Ru
Sif Muna
Trog
Uskayaw
Vehumet
Wu Jian
Xom
Yredelemnul
Zin
The Shining One

Annotations:
D:4 1 runed translucent door, vurker's ghost, amateur TeAE


Innate Abilities, Weirdness & Mutations

Your experience applies equally to all skills.
You have very sharp teeth.
Your uncanny sense of smell can sniff out nearby items.


Message History

You block the adder's attack.
You hit the two-headed ogre but do no damage.
The two-headed ogre is almost dead.
You block the two-headed ogre's attack. The two-headed ogre barely misses you.
You block the adder's attack.
You completely miss the two-headed ogre.
The two-headed ogre is almost dead.
You block the adder's attack. The two-headed ogre barely misses you.
The two-headed ogre hits you with a +0 giant club!
The adder closely misses you.
You closely miss the two-headed ogre.
The two-headed ogre is almost dead.
You block the adder's attack. You block the two-headed ogre's attack.
The two-headed ogre hits you with a +0 giant club!
* * * LOW HITPOINT WARNING * * *
The adder barely misses you.
You hit the two-headed ogre.
The two-headed ogre is almost dead.
The two-headed ogre hits you with a +0 giant club!!
You die...

### #..
#.# #.#
#.# #.#
#S# #@#
#O#
...!....#
#..####.#
#.# ..#
#.# #.#
#.#


You could see a two-headed ogre and an adder.

Vanquished Creatures
  An orc warrior (D:6)
  5 sky beasts
  An ice beast (D:5)
  An eye of draining (D:3)
  2 ogres (D:6)
  A big kobold (D:7)
  A water moccasin skeleton (D:6)
  4 killer bees (D:7)
  A centaur zombie (D:7)
  2 centaur skeletons
  4 hounds
  An orc priest (D:6)
  A bullfrog skeleton (D:8)
  2 orc wizards
  Natasha (twice) (D:4)
  2 iguanas
  3 worker ants
  3 worker ant zombies
  Robin (D:2)
  8 gnolls
  8 adders
  A shadow imp (D:7)
  An ooze (D:1)
  An adder skeleton (D:7)
  6 worms
  2 dart slugs (D:2)
  4 leopard geckos
  19 orcs
  A ball python (D:4)
  5 giant cockroaches
  11 goblins
  11 hobgoblins
  8 jackals
  4 quokkas
  5 bats
  4 frilled lizards
  13 kobolds
  6 rats
156 creatures vanquished.

Notes
Turn   | Place    | Note
-------+----------+-------------------------------------------
     0 | D:1      | MisterFreud the Gnoll Fighter began the quest for the Orb.
     0 | D:1      | Reached XP level 1. HP: 23/23 MP: 1/1
    59 | D:1      | Reached XP level 2. HP: 29/29 MP: 2/2
   715 | D:2      | Reached XP level 3. HP: 35/35 MP: 3/3
   733 | D:2      | Noticed Robin
  1001 | D:2      | Reached skill level 1 in Invocations
  1071 | D:2      | Reached skill level 1 in Short Blades
  1071 | D:2      | Reached skill level 1 in Axes
  1071 | D:2      | Reached skill level 1 in Maces & Flails
  1071 | D:2      | Reached skill level 1 in Polearms
  1071 | D:2      | Reached skill level 1 in Staves
  1071 | D:2      | Reached skill level 1 in Slings
  1071 | D:2      | Reached skill level 1 in Bows
  1071 | D:2      | Reached skill level 1 in Crossbows
  1071 | D:2      | Reached skill level 1 in Throwing
  1071 | D:2      | Reached skill level 1 in Dodging
  1071 | D:2      | Reached skill level 1 in Stealth
  1071 | D:2      | Reached skill level 1 in Unarmed Combat
  1071 | D:2      | Reached skill level 1 in Spellcasting
  1071 | D:2      | Reached skill level 1 in Evocations
  1124 | D:2      | Killed Robin
  1124 | D:2      | Reached XP level 4. HP: 38/41 MP: 5/5
  1660 | D:2      | Reached skill level 1 in Conjurations
  1660 | D:2      | Reached skill level 1 in Hexes
  1660 | D:2      | Reached skill level 1 in Charms
  1660 | D:2      | Reached skill level 1 in Summonings
  1660 | D:2      | Reached skill level 1 in Necromancy
  1660 | D:2      | Reached skill level 1 in Translocations
  1660 | D:2      | Reached skill level 1 in Transmutations
  1660 | D:2      | Reached skill level 1 in Fire Magic
  1660 | D:2      | Reached skill level 1 in Ice Magic
  1660 | D:2      | Reached skill level 1 in Air Magic
  1660 | D:2      | Reached skill level 1 in Earth Magic
  1660 | D:2      | Reached skill level 1 in Poison Magic
  1731 | D:2      | Reached XP level 5. HP: 30/47 MP: 6/6
  2432 | D:3      | Reached XP level 6. HP: 53/53 MP: 8/8
  2478 | D:3      | Found a bloodstained altar of Trog.
  2478 | D:3      | Noticed an eye of draining
  2498 | D:3      | Killed an eye of draining
  2498 | D:3      | Reached skill level 5 in Long Blades
  2848 | D:4      | Found a runed translucent door.
  2850 | D:4      | Noticed vurker's ghost (amateur TeAE)
  3268 | D:4      | Noticed Natasha
  3295 | D:4      | Killed Natasha
  3302 | D:4      | Noticed Natasha
  3315 | D:4      | Killed Natasha
  3315 | D:4      | Reached XP level 7. HP: 31/59 MP: 10/10
  3736 | D:5      | Entered Level 5 of the Dungeon
  4176 | D:5      | Found a staircase to the Ecumenical Temple.
  4182 | Temple   | Entered the Ecumenical Temple
  4286 | Temple   | Became a worshipper of Ashenzari the Shackled
  4511 | D:5      | Reached XP level 8. HP: 41/67 MP: 12/12
  5733 | D:6      | Reached * piety under Ashenzari
  5953 | D:7      | Reached XP level 9. HP: 72/72 MP: 14/14
  6667 | D:8      | Noticed a two-headed ogre
  6680 | D:8      | Mangled by a two-headed ogre

Levels and vault maps discovered:
D:1:      saegor_arrival_simple_c, layout_basic
D:2:      layout_loops_cross, uniq_robin
D:3:      layout_rooms, trog_eyes_of_draining, first_ration,
          kennysheep_cross_room
D:4:      layout_loops_ring, ebering_ghost_sewer_d, uniq_natasha
D:5:      layout_basic, minmay_temple_entry_nine_rooms
D:6:      layout_loops_ring, st_stairs_7, roderic_roman_lattice,
          serial_park_tiny_2
D:7:      layout_loops_ring, kennysheep_decorative_pillar
D:8:      layout_loops_ring
Temple:   kilobyte_greek_temple

Skill      XL: |  1  2  3  4  5  6  7  8  9 |
---------------+----------------------------+-----
Invocations    | 1 2 3 4 |  4.3
Short Blades   | 1 2 3 4 |  4.0
Axes           | 1 2 3 4 |  4.0
Maces & Flails | 1 2 3 4 |  4.0
Polearms       | 1 2 3 4 |  4.0
Staves         | 1 2 3 4 |  4.0
Slings         | 1 2 3 4 |  4.0
Bows           | 1 2 3 4 |  4.0
Crossbows      | 1 2 3 4 |  4.0
Throwing       | 1 2 3 4 |  4.0
Dodging        | 1 2 3 4 |  4.0
Stealth        | 1 2 3 4 |  4.0
Unarmed Combat | 1 2 3 4 |  4.0
Spellcasting   | 1 2 3 4 |  4.0
Evocations     | 1 2 3 4 |  4.0
Conjurations   | 1 2 3 |  3.2
Hexes          | 1 2 3 |  3.2
Charms         | 1 2 3 |  3.2
Summonings     | 1 2 3 |  3.2
Necromancy     | 1 2 3 |  3.2
Translocations | 1 2 3 |  3.2
Transmutations | 1 2 3 |  3.2
Fire Magic     | 1 2 3 |  3.2
Ice Magic      | 1 2 3 |  3.2
Air Magic      | 1 2 3 |  3.2
Earth Magic    | 1 2 3 |  3.2
Poison Magic   | 1 2 3 |  3.2
Long Blades    | 5 6 |  6.1
Fighting       | 7 |  7.7
Armour         | 7 |  7.7
Shields        | 7 |  7.7

Action                   |  1- 3 |  4- 6 |  7- 9 || total
-------------------------+-------+-------+-------++-------
Melee: Long sword        |   100 |   270 |   375 ||   745
       Bite              |    16 |    34 |    52 ||   102
Invok: Curse Item        |       |       |     3 ||     3
Evoke: Wand              |       |       |     1 ||     1
  Use: Scroll            |     2 |       |    11 ||    13
  Eat: Chunk             |     1 |     7 |     8 ||    16
       Ration            |       |       |     1 ||     1
Armor: Scale mail        |    35 |    11 |       ||    46
       Chain mail        |       |   110 |   147 ||   257
Dodge: Dodged            |    36 |    62 |    87 ||   185
Block: Shield            |    88 |   173 |   217 ||   478
       Rpst.: Long sword |    13 |    12 |    28 ||    53

Table legend:
 A = Non-vault XP
 B = Vault XP
 C = Vault XP percentage of total XP
 D = Non-vault monster count
 E = Vault monster count
 F = Vault count percentage of total count
                 A         B        C        D         E       F
            +---------+---------+-------+---------+---------+-------
      Total |    2653 |     253 |   8.7 |     139 |      17 |  10.9
            +---------+---------+-------+---------+---------+-------
        D:1 |      31 |       2 |   6.1 |      17 |       1 |   5.6
        D:2 |     141 |      34 |  19.4 |      28 |      11 |  28.2
        D:3 |     123 |     140 |  53.2 |      30 |       3 |   9.1
        D:4 |     184 |      35 |  16.0 |      12 |       1 |   7.7
        D:5 |     629 |       0 |   0.0 |      10 |       0 |   0.0
        D:6 |     916 |      42 |   4.4 |      23 |       1 |   4.2
        D:7 |     589 |       0 |   0.0 |      18 |       0 |   0.0
        D:8 |      40 |       0 |   0.0 |       1 |       0 |   0.0
            +---------+---------+-------+---------+---------+-------
